 Dungeon Crawl Stone Soup version 0.22.1-1-ga44c0e5 (webtiles) character file.

7 MalarOregon the Ruffian (level 1, 16/16 HPs)
             Began as a Minotaur Transmuter on Sept 22, 2018.
             Quit the game on level 1 of the Dungeon.
             The game lasted 00:02:59 (392 turns).

MalarOregon the Ruffian (Minotaur Transmuter)        Turns: 392, Time: 00:03:00

Health: 16/16      AC:  3    Str: 14    XL:     1   Next: 83%
Magic:  1/1        EV: 12    Int: 10    God:
Gold:   35         SH:  0    Dex: 10    Spells: 1/2 levels left

rFire    . . .     SeeInvis .     - Unarmed
rCold    . . .     Gourm    .   (no shield)
rNeg     . . .     Faith    .   h - +0 leather armour
rPois    .         Spirit   .   (helmet restricted)
rElec    .         Reflect  .   (no cloak)
rCorr    .         Harm     .   (no gloves)
MR       .....                  (no boots)
Stlth    +.........             (no amulet)
HPRegen  0.05/turn              g - ring of wizardry
MPRegen  0.07/turn              (no ring)

@: no status effects
A: retaliatory headbutt, horns 2
a: no special abilities


You were on level 1 of the Dungeon.
You were not hungry.

You visited 1 branch of the dungeon, and saw 1 of its levels.

You collected 35 gold pieces.

Inventory:

Missiles
 a - 12 arrows
Armour
 h - a +0 leather armour (worn)
   (You found it on level 1 of the Dungeon)
Jewellery
 g - a ring of wizardry (left hand)
   (You found it on level 1 of the Dungeon)
Scrolls
 d - a scroll of fear {unknown}
Potions
 f - a potion of curing {unknown}
Comestibles
 c - a chunk of flesh
 e - a ration {!d}


   Skills:
 + Level 1.4 Fighting
 + Level 0.0 Armour
 + Level 2.3 Dodging
 * Level 3.5 Unarmed Combat
 + Level 1.4 Spellcasting
 + Level 1.6 Transmutations


You had one spell level left.
You knew the following spells:

 Your Spells              Type           Power        Failure   Level  Hunger
a - Beastly Appendage     Tmut           #.....       9%          1    ##.....

Your spell library contained the following spells:

 Spells                   Type           Power        Failure   Level  Hunger
 Sticks to Snakes         Tmut           #.......     13%         2    ###....
 Spider Form              Tmut/Pois      #.........   32%         3    ####...
 Ice Form                 Ice/Tmut       #.......     71%         4    #####..
 Blade Hands              Tmut           #.........   90%         5    ######.


Dungeon Overview and Level Annotations

Branches:
Dungeon (1/15)

Altars:


Innate Abilities, Weirdness & Mutations

You reflexively headbutt those who attack you in melee.
You have a pair of horns on your head.


Message History

Found 18 gold pieces.
g - a steel ring Put on which piece of jewellery? (? for menu, Esc to quit)
g - a ring of wizardry (left hand)
A bat comes into view.
You see here a leather armour.
h - a leather armour The bat hits you.
You miss the bat. Your headbutt misses the bat. The bat hits you.
The bat barely misses you. You furiously retaliate!
You headbutt the bat. The bat closely misses you.
You hit the bat.
You kill the bat!
You see here a bat corpse.
You butcher the bat corpse.
c - 4 chunks of flesh (gained 1) Wear which item? (? for menu, Esc to quit)
You start removing your armour.
You continue taking off your +0 robe. x4
You finish taking off your +0 robe.
You start putting on your armour.
You continue putting on your leather armour. x5
You finish putting on your +0 leather armour.
Drop what? 8/52 slots (_ for help) (? for menu, Esc to quit)
You drop a +0 robe.
A hobgoblin comes into view.
The hobgoblin shouts!
Your feet morph into talons.
The hobgoblin hits you.
You closely miss the hobgoblin. The hobgoblin hits you.
You closely miss the hobgoblin. You claw the hobgoblin.
You headbutt the hobgoblin. The hobgoblin closely misses you.
You furiously retaliate!
You headbutt the hobgoblin.
You kill the hobgoblin!
No target in view!
You start resting.
Your transformation is almost over.
You start resting.
Some of the chunks of flesh in your inventory have rotted away.
Your talons disappear.
You start resting.
Found an escape hatch in the floor.
You now have 35 gold pieces (gained 18).
Found a runed hand axe.
You see here a runed hand axe.
A dart slug comes into view.
Quiver which item? (- for none, * to show all) (? for menu, Esc to quit)
Okay, then.
Save game and exit?
Okay, then.
Okay, then.
Unknown command.

#.# #.#.#
#.# #.#.#
#.#####
#.#.#
#..)..#
#.. .
#####.#
#.# . #
#.# #.#
.w #.#
#.#.#
#.####..#
#...@..#
######..#
#.# .. #


You could see a dart slug (sleeping).

Vanquished Creatures
  A bat (D:1)
  A giant cockroach (D:1)
  3 hobgoblins (D:1)
5 creatures vanquished.

Notes
Turn   | Place    | Note
-------+----------+-------------------------------------------
     0 | D:1      | MalarOregon the Minotaur Transmuter began the quest for the
                  | Orb.
     0 | D:1      | Reached XP level 1. HP: 16/16 MP: 1/1
   392 | D:1      | Quit the game

Action                   || total
-------------------------++-------
Melee: Unarmed           ||    11
       Kick              ||     2
       Headbutt          ||     1
 Cast: Beastly Appendage ||     3
Dodge: Dodged            ||     6
